 Dungeon Crawl Stone Soup version 0.15-a0-1004-gbf4e2e6 (webtiles) character file.

78266 Amnesiac the Unseen (level 16, -11/86 HPs)
             Began as a Halfling Enchanter on May 25, 2014.
             Was the Champion of Dithmenos.
             Mangled by an orc warrior
             ... wielding a +3,+3 long sword of electrocution
             ... led by Saint Roka
              (17 damage)
             ... on Level 4 of the Orcish Mines.
             The game lasted 01:57:04 (26334 turns).

Amnesiac the Unseen (Halfling Enchanter)           Turns: 26334, Time: 01:57:06

HP -11/86        AC 12     Str  7      XL: 16   Next:  7%
MP   6/26        EV 29     Int 22      God: Dithmenos [******]
Gold 1880        SH  0     Dex 24      Spells:  6 memorised,  4 levels left

rFire  + + .     SeeInvis .     w - +3,+5 short sword (elec)
rCold  + . .     Clarity  .     J - +2 robe "Ymopt" {+Fly rF++}
rNeg   . . .     Conserve .     (no shield)
rPois  +         rCorr    .     (helmet restricted)
rElec  .         rRot     .     C - +2 cloak {rPois}
SustAb .         Spirit   .     K - +0 pair of gloves
rMut   .         Warding  .     b - +3 pair of boots "Qarphucie" {rC+}
Gourm  +         Stasis   .     P - amulet of the gourmand
MR     +....                    D - ring of stealth
                                a - ring of stealth

@: agile, very slightly contaminated, wreathed by umbra, somewhat resistant to
hostile enchantments, uncannily stealthy
A: beak, clever 1, mutation resistance 1, spit poison 1, strong 1, wild magic 1
a: Spit Poison, Shadow Step, Shadow Form, Renounce Religion, Evoke Flight


You were on level 4 of the Orcish Mines.
You worshipped Dithmenos.
Dithmenos was exalted by your worship.
You were very full.

You visited 4 branches of the dungeon, and saw 23 of its levels.
You also visited: Ice Cave.

You collected 2552 gold pieces.
You spent 672 gold pieces at shops.

Inventory:

Hand weapons
 e - a +0 blowgun
 w - a +3,+5 short sword of electrocution (weapon)
 G - a +4,+1 dagger of electrocution
Missiles
 d - 3 darts (quivered)
 l - 10 poisoned needles
 u - 5 throwing nets
Armour
 b - the +3 pair of boots "Qarphucie" (worn) {rC+}
   (You found it on level 10 of the Dungeon)

   It protects you from cold.
 f - a +2 shield of cold resistance
 C - a +2 cloak of poison resistance (worn)
 J - the +2 robe "Ymopt" (worn) {+Fly rF++}
   (You bought it in a shop on level 3 of the Orcish Mines)

   It greatly protects you from fire.
   It lets you fly.
 K - a +0 pair of gloves (worn)
Magical devices
 c - a wand of disintegration (3)
Comestibles
 g - 3 meat rations
 p - 10 grapes
Scrolls
 i - 4 scrolls of identify
 j - 4 scrolls of remove curse
 k - 2 scrolls of magic mapping
 n - 2 scrolls of fear
 x - 3 scrolls of teleportation
 F - a scroll of blinking
 I - a scroll of summoning
Jewellery
 a - a ring of stealth (left hand)
 D - a ring of stealth (right hand)
 P - an amulet of the gourmand (around neck)
Potions
 o - 3 potions of might
 r - 2 potions of flight
 v - a potion of resistance
 z - a potion of agility
 A - 3 potions of curing
 E - a potion of porridge
 S - a potion of magic


   Skills:
 - Level 12.5 Short Blades
 - Level 1.3 Throwing
 - Level 8.5 Dodging
 - Level 17.0 Stealth
 + Level 6.9 Shields
 - Level 4.1 Spellcasting
 - Level 1.0 Conjurations
 - Level 17.0 Hexes
 - Level 4.0 Translocations


You had 4 spell levels left.
You knew the following spells:

 Your Spells              Type           Power        Failure   Level  Hunger
a - Apportation           Tloc           ####......   5%          1    None
b - Mass Confusion        Hex            #######...   4%          6    #######
d - Enslavement           Hex            #######.     1%          4    ####...
e - Dazzling Spray        Conj/Hex       ######..     3%          3    ###....
f - Confuse               Hex            #######.     1%          3    ###....
z - Ensorcelled Hibernat  Hex/Ice        ######       2%          2    #......


Dungeon Overview and Level Annotations

Branches:
Dungeon (10/15)            Temple (1/1) D:5             Orc (4/4) D:10
    Elf (0/3) Orc:4          Lair (8/8) D:9          Shoals (0/5) Lair:4
 Spider (0/5) Lair:4        Slime (0/6) Lair:6

Altars:
Ashenzari
Cheibriados
Dithmenos
Elyvilon
Fedhas
Gozag
Kikubaaqudgha
Makhleb
Nemelex Xobeh
Okawaru
Qazlal
Sif Muna
Trog
Vehumet
Xom
Yredelemnul
Zin
The Shining One
Beogh
Jiyva

Shops:
D:7 ?   D:9 (   Orc:3 [   Orc:4 [:!(}

Portals:
Trove: D:10 (give 19 potions of curing)


Innate Abilities, Weirdness & Mutations

You are small and have problems with some larger weapons.
You are somewhat resistant to further mutation.
You have a beak for a mouth.
Your mind is acute. (Int +2)
You can spit poison.
Your muscles are strong. (Str +2)
Your spells are a little harder to cast, but a little more powerful.


Message History

Press: ? - help, Dir - move target cursor, f - orc, p - troll
Aim: an orc, wielding a flail and wearing a scale mail (black smoke, consumed by blood-lust, umbra) Attack!
The orc closely misses you.
Your troll bites the orc!
The orc dies!
What do you say? t - Shout!
Orders for allies: a - Attack new target. r - Retreat! s - Stop attacking. w - Wait here. f - Follow me.
Anything else - Stay silent.
Gang up on whom?
Press: ? - help, Dir - move target cursor, f - orc priest
Aim: an orc priest, wielding a flail (black smoke, consumed by blood-lust, umbra) Attack!
The ogre closely misses your troll.
The orc priest mumbles some strange prayers to Beogh against you.
Something smites you!
You emit a cloud of dark smoke.
The orc warrior hits you with a long sword of electrocution!!
* * * LOW HITPOINT WARNING * * *
You emit a cloud of dark smoke.
You are electrocuted!
You die...

##.##........#.....#...........
#.......#..##..................
##.#.........................##
######.#......................##
##.########......................
#....##.##.....>.............<...
#........##..§.§(................
##...........§§§§§§..............
###.....#...§oT@§.......#<......
#..........Oo§§§§.....##......
##.......o.o#o§§..............
###......o§..............##..
##...#..)o........)........).
#...###..O....#...)....#.....
##.........oo......))....#....
#....................##.#.....
##.###.#.......#.......###.##.


You could see 2 orc warriors, an ogre, an orc priest (frenzied), an orc
(frenzied) and a friendly troll.

Vanquished Creatures
  Saint Roka (Orc:4)
  Rupert (Lair:3)
  A frost giant (IceCv)
  A stone giant (Orc:4)
  The ghost of onwiheg the Fighter, a powerful FoFi of Okawaru (IceCv)
  Snorg (Orc:4)
  Harold (D:10)
  5 hydras
  9 death yaks
  Urug (D:10)
  A catoblepas (Lair:6)
  A hill giant (D:10)
  6 orc knights
  Joseph (Lair:1)
  4 lindwurms (Lair:5)
  2 griffons
  The ghost of oplop the Covert, an experienced VSEn of Dithmenos (D:6)
  An orc sorcerer (Orc:3)
  10 elephants
  Maurice (D:9)
  3 black mambas
  17 spiny frogs
  Psyche (Orc:1)
  5 komodo dragons
  4 fire drakes
  The ghost of flinch the Insei, an average DrMo of Qazlal (D:4)
  A merfolk (D:9)
  14 polar bears
  2 trolls
  14 blink frogs
  A giant leech (Lair:8)
  4 basilisks
  A wyvern (D:10)
  6 sharks
  3 elephant slugs
  A hungry ghost (D:9)
  53 yaks
  3 hippogriffs
  11 vampire mosquitoes (Lair:8)
  Menkaure (D:6)
  33 wolves
  12 porcupines
  8 spiders (Lair:4)
  8 wargs
  39 orc warriors
  3 sky beasts
  11 centaurs
  A black bear (D:10)
  11 water moccasins
  18 ice beasts
  3 phantoms
  2 ogres
  2 boring beetles
  8 crocodiles
  Sigmund (D:7)
  Duvessa (D:6)
  12 giant slugs
  A cyclops zombie (D:10)
  25 giant frogs
  2 scorpions
  3 killer bees (D:7)
  2 electric eels
  A hippogriff skeleton (D:8)
  5 crimson imps
  Dowan (D:6)
  11 big fish
  4 jellies
  11 hounds
  Crazy Yiuf (D:7)
  21 orc wizards
  19 orc priests
  An elf skeleton (D:9)
  11 iguanas
  8 worker ants
  4 orange rats (Lair:7)
  16 sheep
  Ijyb (D:7)
  A sky beast zombie (D:7)
  A hound skeleton (D:8)
  A mummy (D:7)
  A gnoll (D:1)
  16 adders
  70 green rats
  2 shadow imps
  A white imp (D:10)
  An ogre simulacrum (D:10)
  3 giant mites
  An ufetubus (D:10)
  5 worms
  An orc zombie (D:9)
  An adder zombie (D:3)
  8 giant geckos
  180 orcs
  3 ball pythons
  21 bats
  A giant cockroach (D:7)
  13 hobgoblins
  16 jackals
  5 oozes
  10 quokkas
  10 giant newts
  24 goblins
  23 kobolds
  2 orc skeletons
  A quokka skeleton (D:4)
  19 rats
  12 ballistomycetes (D:4)
  A fungus (D:7)
  A plant (Lair:8)
972 creatures vanquished.

Vanquished Creatures (collateral kills)
  An ice statue (IceCv)
  An orc knight (Orc:4)
  A spiny frog (Lair:8)
  A wolf (Lair:7)
  A vampire mosquito (Lair:8)
  An ice beast (IceCv)
  An orc warrior (Orc:3)
  A giant frog (Lair:8)
  An electric eel (Lair:8)
  An orc priest (Orc:1)
  An orc wizard (Orc:3)
  A mummy (D:10)
  7 orcs
19 creatures vanquished.

Vanquished Creatures (others)
  An orc (Orc:3)
  2 giant spores
  A bush (Lair:3)
  6 fungi (Lair:8)
  3 plants (Lair:8)
13 creatures vanquished.

Grand Total: 1004 creatures vanquished

Notes
Turn   | Place    | Note
--------------------------------------------------------------
     0 | D:1      | Amnesiac, the Halfling Enchanter, began the quest for the Orb.
     0 | D:1      | Reached XP level 1. HP: 11/11 MP: 2/2
   102 | D:1      | Reached skill level 3 in Stealth
   448 | D:1      | Reached XP level 2. HP: 14/14 MP: 0/3
   653 | D:1      | Reached XP level 3. HP: 21/21 MP: 5/5
   707 | D:1      | Learned a level 3 spell: Dazzling Spray
  1129 | D:2      | Found a white marble altar of Elyvilon.
  1252 | D:2      | Found a stormy altar of Qazlal.
  1403 | D:2      | Reached skill level 1 in Conjurations
  1403 | D:2      | Reached XP level 4. HP: 23/27 MP: 6/6
  2037 | D:3      | Reached skill level 4 in Short Blades
  2222 | D:3      | Reached XP level 5. HP: 31/31 MP: 7/7
  2250 | D:4      | Noticed flinch's ghost (average DrMo)
  2251 | D:4      | Reached skill level 5 in Short Blades
  2286 | D:4      | HP: 1/46 [flinch's ghost (6)]
  2288 | D:4      | Killed flinch's ghost
  2288 | D:4      | Reached skill level 7 in Short Blades
  2288 | D:4      | Reached XP level 6. HP: 1/36 MP: 7/9
  2552 | D:4      | Found a shattered altar of Ashenzari.
  2815 | D:4      | Reached skill level 8 in Short Blades
  2815 | D:4      | Reached XP level 7. HP: 41/41 MP: 10/10
  2967 | D:5      | Entered Level 5 of the Dungeon
  3082 | D:4      | Reached skill level 9 in Short Blades
  3419 | D:5      | Found a viscous altar of Jiyva.
  3629 | D:5      | Reached skill level 10 in Short Blades
  3629 | D:5      | Reached XP level 8. HP: 15/46 MP: 11/11
  3989 | D:5      | Found a staircase to the Ecumenical Temple.
  3995 | Temple   | Entered the Ecumenical Temple
  4427 | D:6      | Reached skill level 11 in Short Blades
  4511 | D:6      | Noticed Duvessa
  4512 | D:6      | Noticed oplop's ghost (experienced VSEn)
  4542 | D:6      | Learned a level 3 spell: Confuse
  4576 | D:6      | Killed oplop's ghost
  4576 | D:6      | Reached skill level 12 in Short Blades
  4581 | D:6      | Gained mutation: You have a beak for a mouth. [potion of mutation]
  4581 | D:6      | HP: 1/46 [poisoned by oplop's ghost]
  4590 | D:6      | Gained mutation: Your spells are a little harder to cast, but a little more powerful. [potion of mutation]
  4622 | D:6      | Killed Duvessa
  4622 | D:6      | Reached XP level 9. HP: 32/51 MP: 2/13
  4647 | D:6      | Noticed Dowan
  4821 | D:6      | Killed Dowan
  5125 | D:6      | Reached skill level 5 in Stealth
  5125 | D:6      | Reached skill level 5 in Hexes
  5311 | D:6      | Noticed Menkaure
  5328 | D:6      | Killed Menkaure
  5614 | D:7      | Noticed Ijyb
  5619 | D:7      | Killed Ijyb
  5659 | D:7      | Found Chedeut's Magic Scroll Emporium.
  5688 | D:7      | Bought a scroll of enchant weapon II for 82 gold pieces
  5688 | D:7      | Bought a scroll of enchant weapon I for 52 gold pieces
  5688 | D:7      | Bought a scroll of enchant armour for 112 gold pieces
  5697 | D:7      | Learned a level 4 spell: Enslavement
  6647 | D:7      | Noticed Sigmund
  6660 | D:7      | Killed Sigmund
  6838 | D:7      | Noticed Crazy Yiuf
  6845 | D:7      | Killed Crazy Yiuf
  6845 | D:7      | Reached XP level 10. HP: 56/56 MP: 10/14
  7968 | D:9      | Gained mutation: You can spit poison. [mutagenic meat]
  7970 | D:9      | Gained mutation: Your muscles are strong. (Str +2) [mutagenic meat]
  8060 | D:10     | Entered Level 10 of the Dungeon
  8074 | D:10     | Gained mutation: Your mind is acute. (Int +2) [mutagenic meat]
  8111 | D:9      | Found Alom's Weapon Emporium.
  8208 | D:9      | Noticed Maurice
  8210 | D:9      | Killed Maurice
  8259 | D:9      | Found a staircase to the Lair.
  8323 | D:9      | Found a shadowy altar of Dithmenos.
  8328 | D:9      | Became a worshipper of Dithmenos the Shadowed
  8380 | D:9      | Found a bloodstained altar of Trog.
  8381 | D:9      | Found an ancient bone altar of Kikubaaqudgha.
  8525 | Lair:1   | Entered Level 1 of the Lair of Beasts
  8571 | Lair:1   | Learned a level 1 spell: Apportation
  8732 | Lair:1   | Reached XP level 11. HP: 61/61 MP: 15/15
  8734 | Lair:1   | Reached skill level 10 in Stealth
  8757 | Lair:1   | Learned a level 2 spell: Ensorcelled Hibernation
  8914 | Lair:1   | Noticed Joseph
  8918 | Lair:1   | Killed Joseph
  8918 | Lair:1   | Reached skill level 10 in Hexes
  8978 | Lair:1   | Noticed a spiny frog
  9002 | Lair:1   | Killed a spiny frog
  9017 | Lair:1   | Reached skill level 5 in Dodging
  9856 | Lair:2   | Acquired Dithmenos' first power
 10494 | Lair:3   | Noticed Rupert
 10566 | Lair:3   | Reached XP level 12. HP: 66/66 MP: 22/22
 10574 | Lair:3   | Learned a level 6 spell: Mass Confusion
 10997 | Lair:3   | Acquired Dithmenos' second power
 11601 | Lair:3   | Killed Rupert
 11612 | Lair:4   | Noticed a death yak
 11612 | Lair:4   | Noticed a death yak
 11612 | Lair:4   | Noticed a death yak
 11612 | Lair:4   | Noticed a death yak
 11612 | Lair:4   | Noticed a death yak
 11612 | Lair:4   | Noticed a death yak
 11634 | Lair:4   | Killed a death yak
 11640 | Lair:4   | Killed a death yak
 11648 | Lair:4   | Killed a death yak
 11661 | Lair:4   | Killed a death yak
 11848 | Lair:4   | Killed a death yak
 11854 | Lair:4   | Killed a death yak
 12089 | Lair:4   | Reached skill level 13 in Hexes
 12094 | Lair:4   | Got a sparkling bone ring
 12096 | Lair:4   | Identified the ring "Gelikou" {Wiz Str+3 Dex+3} (You found it on level 4 of the Lair of Beasts)
 12188 | Lair:4   | Found a hole to the Spider Nest.
 12231 | Lair:4   | Reached XP level 13. HP: 71/71 MP: 23/23
 12498 | Lair:4   | Noticed a six-headed hydra
 12739 | Lair:4   | Found a staircase to the Shoals.
 13052 | Lair:4   | Killed a six-headed hydra
 13189 | Lair:5   | Reached skill level 14 in Hexes
 14081 | Lair:6   | Reached skill level 15 in Hexes
 14086 | Lair:6   | Acquired Dithmenos' third power
 14896 | Lair:6   | Reached XP level 14. HP: 76/76 MP: 2/24
 15199 | Lair:6   | Found a viscous altar of Jiyva.
 15200 | Lair:6   | Found a staircase to the Slime Pits.
 17376 | Lair:8   | Entered Level 8 of the Lair of Beasts
 17403 | Lair:8   | Reached skill level 1 in Translocations
 17753 | Lair:8   | Acquired Dithmenos' fourth power
 18293 | Lair:8   | Reached skill level 16 in Hexes
 18560 | Lair:8   | Reached skill level 15 in Stealth
 19354 | Lair:8   | Reached XP level 15. HP: 81/81 MP: 22/25
 19870 | D:10     | Noticed Urug
 19943 | D:10     | Killed Urug
 20017 | D:10     | Got a pair of fine boots
 20021 | D:10     | Identified the +3 pair of boots "Qarphucie" {rC+} (You found it on level 10 of the Dungeon)
 20049 | D:10     | Found a staircase to the Orcish Mines.
 20144 | D:10     | Noticed Harold
 20167 | D:10     | Killed Harold
 20307 | D:10     | Noticed a hill giant
 20315 | D:10     | Killed a hill giant
 20479 | D:10     | Found a portal to a secret trove of treasure.
 20794 | Orc:1    | Entered Level 1 of the Orcish Mines
 20937 | Orc:1    | Noticed Psyche
 20978 | Orc:1    | Killed Psyche
 20978 | Orc:1    | Reached skill level 17 in Stealth
 21121 | Orc:2    | Found a roughly hewn altar of Beogh.
 21273 | Orc:2    | Found a frozen archway.
 21321 | IceCv    | Entered an ice cave
 21702 | IceCv    | Noticed onwiheg's ghost (powerful FoFi)
 21717 | IceCv    | Killed onwiheg's ghost
 22229 | IceCv    | Noticed a frost giant
 22231 | IceCv    | Killed a frost giant
 23544 | Orc:3    | Found Mnaon's Antique Armour Emporium.
 23559 | Orc:3    | Bought a creamy pearl robe for 199 gold pieces
 23559 | Orc:3    | Bought a pair of gloves for 157 gold pieces
 23559 | Orc:3    | Bought a dyed leather armour for 70 gold pieces
 23565 | Orc:3    | Identified the +2 robe "Ymopt" {+Fly rF++} (You bought it in a shop on level 3 of the Orcish Mines)
 23597 | Orc:3    | Found a bloodstained altar of Trog.
 23599 | Orc:3    | Identified the Incunabulum of Retrieval (You found it on level 3 of the Orcish Mines)
 24266 | Orc:4    | Entered Level 4 of the Orcish Mines
 24275 | Orc:4    | Noticed Snorg
 24279 | Orc:4    | Killed Snorg
 24371 | Orc:4    | Found a staircase to the Elven Halls.
 24395 | Orc:4    | Found Caskaep's Antique Armour Shoppe.
 24491 | Orc:4    | Noticed Saint Roka
 24781 | Orc:4    | Reached skill level 1 in Shields
 24841 | Orc:4    | Found Pedwok's Distillery.
 24893 | Orc:4    | Found Mivaiqed's Book Shoppe.
 25276 | Orc:4    | Found a roughly hewn altar of Beogh.
 25855 | Orc:4    | Found Kehaifes' Gadget Boutique.
 25855 | Orc:4    | Found Ociu's Weapon Shoppe.
 26292 | Orc:4    | Reached skill level 5 in Shields
 26328 | Orc:4    | Killed Saint Roka
 26328 | Orc:4    | Reached XP level 16. HP: 65/86 MP: 16/26
 26334 | Orc:4    | Mangled by an orc warrior

Action                   |  1- 3 |  4- 6 |  7- 9 | 10-12 | 13-15 | 16-18 || total
-------------------------+-------+-------+-------+-------+-------+-------++-------
Melee: Dagger            |    97 |    43 |    23 |     1 |    58 |       ||   222
       Short sword       |       |    91 |   341 |   556 |  1463 |       ||  2451
       Unarmed           |       |       |     5 |       |       |       ||     5
Throw: Dart              |       |       |     2 |     1 |       |       ||     3
 Cast: Corona            |    10 |     1 |       |       |       |       ||    11
       Dazzling Spray    |     1 |       |    16 |    14 |    69 |       ||   100
       Confuse           |       |       |     3 |     4 |    24 |       ||    31
       Enslavement       |       |       |     1 |     3 |    26 |     3 ||    33
       Ensorcelled Hiber |       |       |       |     8 |   128 |       ||   136
       Mass Confusion    |       |       |       |       |    13 |       ||    13
       Apportation       |       |       |       |       |     1 |       ||     1
Invok: Shadow Step       |       |       |       |     2 |     5 |       ||     7
 Abil: Evoke Berserk Rag |     3 |     1 |     2 |     1 |       |       ||     7
Evoke: Wand              |       |       |     2 |     1 |     8 |       ||    11
  Use: Potion            |     2 |     1 |    15 |     5 |    10 |       ||    33
       Scroll            |     2 |       |    20 |     9 |    11 |       ||    42
 Stab: Sleeping          |     5 |     5 |    18 |    80 |   163 |       ||   271
       Invisible         |     1 |       |     1 |     9 |    32 |       ||    43
       Distracted        |       |       |     4 |     2 |    14 |       ||    20
       Confused          |       |       |       |     1 |    30 |       ||    31
       Betrayed ally     |       |       |       |       |     2 |       ||     2
       Fleeing           |       |       |       |       |     2 |       ||     2
